 Dungeon Crawl Stone Soup version 0.24-a0-459-g225fefd530 (webtiles) character file.

Game seed: 4810002582670770208

85 Peloso the Covered (level 4, -11/40 HPs)
             Began as a Minotaur Fighter on June 29, 2019.
             Mangled by an ice beast (13 damage)
             ... on level 3 of the Dungeon.
             The game lasted 00:04:03 (1625 turns).

Peloso the Covered (Minotaur Fighter)               Turns: 1625, Time: 00:04:06

Health: -11/40     AC:  9    Str: 20    XL:     4   Next: 25%
Magic:  3/3        EV:  6    Int:  5    God:
Gold:   153        SH:  9    Dex: 11    Spells: 3/3 levels left

rFire    . . .     SeeInvis .   a - +0 long sword
rCold    . . .     Gourm    .   c - +0 shield
rNeg     . . .     Faith    .   b - +0 chain mail
rPois    .         Spirit   .   (helmet restricted)
rElec    .         Reflect  .   (no cloak)
rCorr    .         Harm     .   (no gloves)
MR       .....                  (no boots)
Stlth    ..........             (no amulet)
HPRegen  0.13/turn              (no ring)
MPRegen  0.08/turn              (no ring)

@: no status effects
A: retaliatory headbutt, horns 2
a: no special abilities


You were on level 3 of the Dungeon.
You were hungry.

You visited 1 branch of the dungeon, and saw 3 of its levels.

You collected 153 gold pieces.

Inventory:

Hand Weapons
 a - a +0 long sword (weapon)
 l - a +0 hand crossbow
Missiles
 k - 20 bolts
Armour
 b - a +0 chain mail (worn)
 c - a +0 shield (worn)
Wands
 o - a wand of digging (8)
Scrolls
 h - 4 scrolls of amnesia {unknown}
 j - 2 scrolls of identify {unknown}
 m - 2 scrolls of enchant weapon {unknown}
 n - 2 scrolls of remove curse {unknown}
Potions
 d - a potion of might
 e - a potion of agility {unknown}
 g - a potion of brilliance {unknown}
 i - a potion of lignification {unknown}
Comestibles
 f - a ration


   Skills:
 + Level 3.9 Fighting
 + Level 3.4 Long Blades
 + Level 4.6 Armour
 + Level 1.0 Dodging
 + Level 4.4 Shields


You had 3 spell levels left.
You didn't know any spells.
Your spell library was empty.

Dungeon Overview and Level Annotations

Branches:
Dungeon (3/15)

Altars:
Nemelex Xobeh


Innate Abilities, Weirdness & Mutations

You reflexively headbutt those who attack you in melee.
You have a pair of horns on your head.


Message History

Your headbutt misses the ice beast.
The ice beast is severely wounded.
The rat bites you. You block the ice beast's attack.
You hit the ice beast.
The ice beast is severely wounded.
The rat bites you but does no damage.
The ice beast hits you but does no damage.
The ice beast hits you. The ice beast freezes you!
* * * LOW HITPOINT WARNING * * *
The rat bites you but does no damage.
You closely miss the rat. You block the rat's attack.
The ice beast hits you but does no damage.
You hit the ice beast. Your headbutt misses the ice beast.
The ice beast is almost dead.
The rat barely misses you.
You riposte.
You slash the rat!
You kill the rat!
The ice beast hits you.
* * * LOW HITPOINT WARNING * * *
The ice beast freezes you!
You die...

# #.#.#####.# #....#
###.#.# #.# #.####
..#.#.# #.#####.#
#.#.#.# #.#.....#
#.# #.# #.#.#####
#.# #.#####.#.# #.#
#.......#.# #.#
#########.########.#
#.#
.........†@Y.....#
#.#
####...%.#########
#.# ......#.. #.#
#######..# #.# #..#
#.# #... #.# ##.#.
..# .# #####.#


You could see an ice beast.

Vanquished Creatures
  2 adders
  An ooze (D:2)
  A worm (D:2)
  3 leopard geckos
  A ball python (D:2)
  5 giant cockroaches
  11 goblins
  4 hobgoblins
  6 kobolds
  3 quokkas
  7 bats
  5 frilled lizards (D:1)
  4 rats
53 creatures vanquished.

Notes
Turn   | Place    | Note
-------+----------+-------------------------------------------
     0 | D:1      | Peloso the Minotaur Fighter began the quest for the Orb.
     0 | D:1      | Reached XP level 1. HP: 19/19 MP: 0/0
   189 | D:1      | Reached XP level 2. HP: 19/27 MP: 1/1
   667 | D:2      | Found a sparkling altar of Nemelex Xobeh.
   819 | D:2      | Reached XP level 3. HP: 33/33 MP: 2/2
  1236 | D:2      | Reached skill level 1 in Dodging
  1236 | D:2      | Reached XP level 4. HP: 37/40 MP: 3/3
  1613 | D:3      | Noticed an ice beast
  1625 | D:3      | HP: 2/40 [ice beast (2)]
  1625 | D:3      | Mangled by an ice beast

Levels and vault maps discovered:
D:1:      dpeg_arrival_boxorama, layout_basic
D:2:      layout_loops_cross, marbit_many_paths, minmay_tromino_v7
D:3:      layout_basic

Skill      XL: |  1  2  3 |
---------------+----------+-----
Armour         | 4 |  4.6
Long Blades    | 3 |  3.4
Shields        | 4 |  4.4
Dodging        | 1 |  1.0
Fighting       | |  3.9

Action                   |  1- 3 |  4- 6 || total
-------------------------+-------+-------++-------
Melee: Long sword        |   121 |    18 ||   139
       Headbutt          |    19 |     6 ||    25
  Eat: Chunk             |     1 |     1 ||     2
Armor: Scale mail        |    42 |       ||    42
       Chain mail        |    15 |    12 ||    27
Dodge: Dodged            |    41 |     6 ||    47
Block: Shield            |    77 |    12 ||    89
       Rpst.: Long sword |    14 |     3 ||    17

Table legend:
 A = Non-vault XP
 B = Vault XP
 C = Vault XP percentage of total XP
 D = Non-vault monster count
 E = Vault monster count
 F = Vault count percentage of total count
                 A         B        C        D         E       F
            +---------+---------+-------+---------+---------+-------
      Total |     106 |      16 |  13.1 |      48 |       5 |   9.4
            +---------+---------+-------+---------+---------+-------
        D:1 |      34 |       0 |   0.0 |      21 |       0 |   0.0
        D:2 |      51 |      16 |  23.9 |      21 |       5 |  19.2
        D:3 |      21 |       0 |   0.0 |       6 |       0 |   0.0
            +---------+---------+-------+---------+---------+-------
